 Dungeon Crawl Stone Soup version 0.29-a0-732-g3d7fbe0af2 (webtiles) character file.

Game seed: 13375327046280965909

42 YayAnonymity the Cudgeller (level 3, 0/35 HPs)
             Began as a Troll Gladiator on June 30, 2022.
             Killed from afar by Robin (29 damage)
             ... with a bolt of light
             ... on level 2 of the Dungeon.
             The game lasted 00:02:34 (1170 turns).

YayAnonymity the Cudgeller (Troll Gladiator)        Turns: 1170, Time: 00:02:35

Health: 0/35       AC:  4    Str: 22    XL:     3   Next: 35%
Magic:  2/2        EV: 10    Int:  4    God:
Gold:   66         SH:  0    Dex: 13    Spells: 2/2 levels left

rFire   . . .      SeeInvis .   (no weapon)
rCold   . . .      Faith    .   (no shield)
rNeg    . . .      Spirit   .   b - +0 robe
rPois   .          Reflect  .   c - +0 hat
rElec   .          Harm     .   (no cloak)
rCorr   .          Rampage  .   (gloves unavailable)
Will    .....                   (boots unavailable)
Stlth   +.........              (no amulet)
HPRegen 0.91/turn               (no ring)
MPRegen 0.08/turn               (no ring)

@: no status effects
A: large, unfitting armour, claws 3, regeneration 1, shaggy fur 1, tough skin 1
a: no special abilities


You were on level 2 of the Dungeon.
You visited 1 branch of the dungeon, and saw 2 of its levels.

You collected 66 gold pieces.

Inventory:

Hand Weapons
 a - a +0 flail
Missiles
 d - 3 throwing nets (quivered)
 e - 5 large rocks
 k - 5 poisoned darts
Armour
 b - a +0 robe (worn)
 c - a +0 hat (worn)
Scrolls
 h - a scroll of enchant armour {unknown}
 j - 2 scrolls of identify {unknown}
 l - a scroll of acquirement {unknown}
 m - 2 scrolls of summoning {unknown}
 q - 3 scrolls of fog {unknown}
Potions
 f - a potion of invisibility {unknown}
 g - a potion of heal wounds {unknown}
 i - a potion of flight {unknown}
 n - a potion of ambrosia {unknown}
 o - a potion of cancellation {unknown}
 p - a potion of curing {unknown}


   Skills:
 + Level 2.0 Fighting
 * Level 3.4 Maces & Flails
 - Level 1.7 Throwing
 + Level 2.8 Dodging


You had 2 spell levels left.
You didn't know any spells.
Your spell library was empty.

Dungeon Overview and Level Annotations

Branches:
Dungeon (2/15)

Altars:

Annotations:
D:2 Robin


Innate Abilities, Weirdness & Mutations

You are too large for most types of armour.
You have claws for hands.
Your natural rate of healing is unusually fast.
You are covered in fur. (AC +1)
You have tough skin. (AC +1)


Message History

You start resting.
HP restored.
You climb downwards.
Level annotation: Robin
There is a stone staircase leading up here.
You scratch the hobgoblin.
The hobgoblin is almost dead.
The hobgoblin misses you.
You claw the hobgoblin!
You kill the hobgoblin!
The goblin hits you with a +0 dagger.
You claw the goblin!
You kill the goblin!
Robin's bangles clink loudly.
You scratch Robin.
Robin is lightly wounded.
Robin hits you with a +0 whip.
You barely miss Robin.
Robin is lightly wounded.
Robin closely misses you.
You scratch Robin but do no damage.
Robin is lightly wounded.
Robin hits you but does no damage.
You scratch Robin. You claw Robin.
Robin is heavily wounded.
Robin misses you.
You closely miss Robin.
Robin is moderately wounded.
Robin closely misses you.
You scratch Robin.
Robin is heavily wounded.
Robin hits you with a +0 whip.
You closely miss Robin.
Robin is heavily wounded.
Robin hits you with a +0 whip.
You scratch Robin.
Robin is severely wounded.
Robin zaps a wand.
The bolt of light hits you!!
Ouch! That really hurt!
You die...

#.g.g.#
#................
#...#.#
#....##≈#....####
#.g.#.# #..#≈#≈≈###..#
#g###g###.)#≈≈≈≈≈ #..#
#.#
#.....##≈#≈≈#≈≈#.##
#.#
#####.#≈≈≈≈≈≈≈≈#..###
#.#
#.....≈≈#≈≈≈#≈≈#.....
#g#
##.##g##≈≈≈≈≈≈##.####
#g# #.#@†(#≈≈#≈≈≈≈..#
# #.#
#.#...≈##≈≈###..# #
#.####.#.....≈≈##....#
#
#.#..................#
#
#.#......#.##.##..(..#
#
#.#......#.##.##.####
# #.#......#.##....# #
#.#....^.#.##....# #
#.####.#.#.##....# #


You could see Robin.

Vanquished Creatures
  An adder (D:2)
  A dart slug (D:1)
  A ball python (D:2)
  5 bats
  4 endoplasms
  7 goblins
  4 hobgoblins
  4 kobolds
  2 rats (D:1)
29 creatures vanquished.

Vanquished Creatures (others)
  A kobold (D:2)
1 creature vanquished.

Grand Total: 30 creatures vanquished

Notes
Turn   | Place    | Note
-------+----------+-------------------------------------------
     0 | D:1      | YayAnonymity the Troll Gladiator began the quest for the
                  | Orb.
     0 | D:1      | Reached XP level 1. HP: 19/19 MP: 0/0
   305 | D:1      | Reached skill level 3 in Maces & Flails
   492 | D:1      | Reached XP level 2. HP: 28/28 MP: 1/1
   902 | D:2      | Reached XP level 3. HP: 29/35 MP: 2/2
  1054 | D:2      | Noticed Robin
  1170 | D:2      | Killed from afar by Robin

Illustrated notes

Levels and vault maps discovered:
D:1:      minmay_arrival_radiant_lines, layout_basic
D:2:      layout_basic, minivault_4, lemuel_old_faithful, uniq_robin

Skill      XL: |  1  2 |
---------------+-------+-----
Maces & Flails | 3 |  3.4
Fighting       | 2 |  2.0
Throwing       | |  1.7
Dodging        | |  2.8

Action                   || total
-------------------------++-------
Melee: Unarmed           ||    61
       Flail             ||     5
       Punch             ||     1
Armor: Robe              ||    28
Dodge: Dodged            ||    31

Table legend: (Time is in decaauts)
 A = Elapsed time spent in this place.
 B = Non-inter-level travel time spent in this place.
 C = Inter-level travel time spent in this place.
 D = Time resting spent in this place.
 E = Time spent auto-exploring this place.
 F = Levels seen in this place.
 G = Mean time per level.
                   A        B        C        D        E       F      G
               +--------+--------+--------+--------+--------+-----+--------+
         Total |   1171 |   1129 |     42 |     24 |    831 |   2 |  585.5 |
       Dungeon |   1171 |   1129 |     42 |     24 |    831 |   2 |  585.5 |
               +--------+--------+--------+--------+--------+-----+--------+

Top non-repeatable levels by time:
     D:1: 771 daAuts
     D:2: 400 daAuts
